Map: [ESL] Ancient Cistern

Players

ByuN

  • Race: Terran Terran

Classic - Winner!

  • Race: Protoss Protoss

Event: IEM Katowice 2023

VOD

Have the link to the VOD?

Description

Time

  • Played on: Feb. 11, 2023, 8:24 a.m.
  • Length: 10:25

All games in this series

Show
View Real Time Build Order
Export as new Build Order

ByuN Terran 

Build Orders: Reaper Expand 

Get SALT Encoding   

  12  0:00  SCV  
  13  0:12  SCV  
  14  0:17  Supply Depot  
  14  0:24  SCV  
  15  0:38  SCV  
  15  0:39  Barracks  
  16  0:43  Refinery  
  16  0:50  SCV  
  17  1:03  SCV  
  18  1:15  SCV  
  19  1:26  Reaper  
  19  1:27  Orbital Command  
  20  1:47  Command Center  
  20  1:50  Supply Depot  
  20  1:52  SCV  
  21  1:58  Marine  
  22  2:03  Factory  
  22  2:05  SCV  
  23  2:17  Bunker  
  23  2:18  SCV  
  25  2:23  Barracks Reactor  
  24  2:30  SCV  
  25  2:42  SCV  
  26  2:48  Factory Tech Lab  
  26  2:50  Command Center  
  26  2:54  SCV  
  27  2:59  Orbital Command  
  27  3:06  SCV  
  27  3:08  Cyclone  
  27  3:11  Marine  
  27  3:12  Marine  
  33  3:18  SCV  
  34  3:31  SCV x2  
  34  3:32  Marine  
  34  3:33  Marine  
  37  3:40  Barracks  
  37  3:43  SCV  
  37  3:44  SCV  
  37  3:48  Refinery  
  39  3:51  Marine x2  
  39  3:54  Factory Tech Lab  
  39  3:55  SCV  
  42  3:56  SCV  
  42  3:58  Barracks  
  43  4:05  Orbital Command  
  43  4:07  SCV  
  43  4:08  SCV  
  46  4:14  Marine x2  
  46  4:15  Siege Tank  
  50  4:19  SCV  
  50  4:20  SCV  
  52  4:25  Supply Depot  
  52  4:30  Engineering Bay x2  
  52  4:32  Marine x2  
  52  4:33  SCV x2  
  52  4:34  SCV  
  52  4:35  Marine  
  52  4:38  Stimpack  
  58  4:45  SCV x2  
  60  4:46  SCV  
  60  4:52  Refinery  
  61  4:54  Marine x2  
  61  4:55  Marine  
  61  4:56  Marine  
  61  4:58  Terran Infantry Weapons Level 1  
  61  4:59  SCV x2  
  68  5:00  SCV  
  68  5:03  Terran Infantry Armor Level 1  
  68  5:10  Supply Depot  
  68  5:11  SCV  
  69  5:15  Refinery  
  69  5:19  Supply Depot  
  69  5:21  Marine x4, SCV x2  
  69  5:26  Starport  
  69  5:27  Factory Reactor  
  75  5:38  SCV x2  
  75  5:39  Marine, SCV  
  75  5:40  Marauder x2  
  83  5:43  Combat Shield  
  83  5:51  Barracks  
  83  5:52  Barracks  
  83  5:54  SCV x2  
  83  5:55  SCV  
  83  5:57  Supply Depot  
  86  6:02  Marauder  
  86  6:04  Marauder  
  87  6:05  Marine  
  87  6:06  Marine  
  87  6:10  Factory Reactor  
  89  6:14  Medivac x2  
  94  6:18  SCV x2  
  94  6:19  Orbital Command  
  94  6:25  Supply Depot  
  95  6:31  Marine x2, Concussive Shells, Marauder x2  
  98  6:35  SCV x2  
  98  6:36  Armory  
  100  6:46  SCV  
  102  6:47  SCV x2  
  102  6:49  Marine  
  102  6:50  Marine, Medivac  
  102  6:52  Medivac  
  109  6:55  Supply Depot  
  109  6:56  Supply Depot  
  109  6:59  SCV x2, Marauder x2  
  109  7:00  SCV  
  116  7:04  Supply Depot  
  116  7:06  Barracks Tech Lab, Barracks Reactor  
  116  7:07  Supply Depot  
  116  7:11  SCV, Refinery x2  
  117  7:17  SCV x2  
  117  7:18  Marine x2  
  117  7:19  Widow Mine  
  117  7:20  Marauder x2, Widow Mine  
  129  7:25  Medivac  
  121  7:30  Medivac  
  121  7:32  SCV  
  121  7:33  SCV x2  
  125  7:38  Marauder  
  125  7:39  Marine x2  
  125  7:41  Marauder x2  
  125  7:43  Supply Depot  
  133  7:44  Supply Depot  
  132  7:56  Marine x2  
  126  7:58  Medivac  
  126  8:00  Widow Mine x2, Medivac, Marauder  
  126  8:03  Marauder  
  138  8:06  Supply Depot  
  138  8:08  Terran Infantry Weapons Level 2  
  138  8:11  Barracks  
  138  8:12  Barracks x2  
  138  8:14  Marine  
  138  8:15  Marine x2  
  141  8:25  Marauder x2  
  141  8:26  Supply Depot  
  145  8:33  Command Center  
  145  8:40  Widow Mine x2  
  149  8:44  Ghost Academy  
  149  8:45  Marauder  
  149  8:46  Marauder x2  
  153  8:49  Marine  
  153  8:50  Marine x2  
  151  9:00  Missile Turret  
  147  9:02  Marine  
  147  9:03  Marine  
  147  9:06  Marauder  
  147  9:07  Marauder x2  
  128  9:20  SCV x3  
  100  9:27  Marine x2  
  100  9:28  Marauder  
  100  9:29  Marauder x2  
  84  9:32  SCV x3  
  84  9:33  Marine  
  84  9:34  Barracks Tech Lab  
  84  9:36  Barracks Tech Lab  
  73  9:40  Marine  
  73  9:44  SCV x2  
  70  9:46  Medivac x2, Widow Mine x2  
  70  9:47  Marine x2  
  70  9:49  Marauder  
  70  9:50  Marauder x2  
  84  9:56  Marauder x2  
  87  10:06  Marine  
  87  10:07  Marine  
  93  10:16  Supply Depot  
Show
View Real Time Build Order
Export as new Build Order

Classic Protoss - Winner!

Build Orders: 1 Gate Expand, Blink Stalkers, Colossus Rush 

Get SALT Encoding   

  12  0:02  Probe  
  13  0:14  Probe  
  14  0:19  Pylon  
  14  0:26  Probe (Chrono Boost)  
  15  0:38  Gateway, Probe (Chrono Boost)  
  16  0:45  Probe (Chrono Boost)  
  16  0:46  Assimilator  
  17  0:52  Probe  
  18  1:04  Probe  
  19  1:16  Probe  
  20  1:24  Cybernetics Core  
  20  1:33  Nexus  
  20  1:40  Pylon  
  20  1:43  Probe  
  21  1:49  Assimilator  
  21  1:55  Probe  
  21  1:57  Adept (Chrono Boost)  
  24  2:02  Warp Gate  
  24  2:07  Probe  
  25  2:18  Adept (Chrono Boost)  
  25  2:19  Probe  
  28  2:31  Probe  
  29  2:40  Stalker, Twilight Council  
  31  2:46  Probe (Chrono Boost)  
  31  2:50  Probe (Chrono Boost)  
  33  2:56  Probe (Chrono Boost)  
  35  2:59  Probe (Chrono Boost)  
  35  3:00  Probe (Chrono Boost)  
  36  3:09  Probe  
  36  3:11  Blink (Chrono Boost)  
  36  3:12  Probe  
  38  3:21  Probe  
  38  3:22  Gateway  
  40  3:27  Probe  
  40  3:32  Pylon  
  40  3:33  Probe  
  41  3:36  Robotics Facility  
  41  3:39  Probe  
  42  3:46  Probe  
  43  3:49  Gateway  
  43  3:51  Stalker  
  43  3:52  Probe  
  43  3:54  Assimilator  
  46  3:58  Probe  
  46  3:59  Pylon  
  47  4:04  Probe  
  47  4:07  Pylon  
  48  4:10  Probe  
  48  4:15  Stalker  
  48  4:16  Probe  
  52  4:19  Assimilator, Stalker  
  52  4:22  Probe  
  55  4:24  Robotics Bay  
  55  4:25  Observer (Chrono Boost)  
  55  4:28  Probe  
  57  4:38  Probe  
  56  4:39  Observer (Chrono Boost)  
  56  4:40  Probe  
  56  4:44  Nexus  
  58  4:47  Pylon  
  58  4:57  Stalker x2  
  58  4:58  Probe  
  58  4:59  Probe  
  64  5:08  Colossus (Chrono Boost)  
  64  5:14  Pylon  
  70  5:17  Probe x2  
  70  5:18  Extended Thermal Lance  
  72  5:23  Forge  
  72  5:29  Pylon  
  72  5:30  Sentry  
  72  5:32  Probe x2  
  76  5:36  Sentry  
  78  5:44  Probe x2  
  78  5:46  Gateway  
  78  5:49  Gateway  
  80  5:52  Colossus (Chrono Boost)  
  86  5:59  Probe x2  
  86  6:00  Probe  
  86  6:03  Protoss Ground Weapons Level 1 (Chrono Boost)  
  89  6:05  Observer  
  89  6:12  Probe x2  
  89  6:13  Probe  
  89  6:16  Stalker x2  
  89  6:17  Stalker  
  98  6:23  Pylon  
  98  6:24  Gateway  
  98  6:30  Probe x2  
  100  6:35  Probe  
  100  6:37  Assimilator  
  100  6:38  Charge  
  101  6:43  Probe x2  
  101  6:45  Warp Prism  
  104  6:47  Probe  
  104  6:50  Nexus  
  104  6:52  Pylon  
  105  6:58  Gateway  
  105  7:02  Gateway  
  105  7:07  Templar Archives  
  105  7:09  Pylon  
  105  7:10  Gateway x2  
  105  7:17  Stalker  
  105  7:18  Stalker  
  105  7:19  Stalker  
  111  7:23  Stalker  
  111  7:24  Stalker  
  115  7:34  Probe x3  
  118  7:43  Zealot x4  
  126  7:46  Probe x3  
  126  7:50  Pylon  
  123  7:52  Pylon  
  119  8:00  Stalker  
  119  8:02  High Templar x2  
  119  8:03  High Templar x2  
  119  8:05  Pylon  
  129  8:07  Archon, Zealot x3, Observer  
  129  8:08  Archon, Zealot x2  
  129  8:09  Protoss Ground Weapons Level 2 (Chrono Boost)  
  129  8:12  Probe x4  
  144  8:20  Pylon  
  144  8:24  Probe x4  
  148  8:29  Pylon  
  148  8:36  High Templar  
  148  8:37  High Templar, Zealot x7  
  148  8:38  Zealot  
  148  8:40  Assimilator  
  168  8:42  Archon, Photon Cannon  
  165  9:00  Zealot x7  
  165  9:01  Zealot  
  145  9:21  Zealot x4  
  145  9:22  Zealot x4  
  145  9:23  Colossus (Chrono Boost)  
  141  9:25  Zealot  
  141  9:26  Zealot  
  139  9:35  Zealot x2  
  141  9:38  Pylon  
  135  9:47  High Templar x4  
  135  9:48  Zealot x4, Nexus  
  135  9:52  Archon  
  151  9:56  Probe x4  
  155  10:02  High Templar x2  
  155  10:04  Archon  
  159  10:07  Archon  
  159  10:11  Zealot x3  
  167  10:16  Stalker  
  167  10:19  Gateway x2  
  169  10:25  Robotics Facility  

Tags
 
Add a new tag
Caveats
  • Supply blocks, unpowered buildings, or Contaminate may cause inaccurate times.
  • Supply counts are checked every 10 seconds.